 Dungeon Crawl Stone Soup version 0.24-a0-446-g87df7205b4 (webtiles) character file.

Game seed: 8864229532682452145

2 tilp the Sneak (level 1, 0/9 HPs)
             Began as a Spriggan Enchanter on June 24, 2019.
             Slain by an ooze (5 damage)
             ... on level 1 of the Dungeon.
             The game lasted 00:00:55 (317 turns).

tilp the Sneak (Spriggan Enchanter)                  Turns: 317, Time: 00:00:56

Health: 0/9        AC:  2    Str:  4    XL:     1   Next: 33%
Magic:  5/5        EV: 18    Int: 16    God:
Gold:   10         SH:  0    Dex: 16    Spells: 4/5 levels left

rFire    . . .     SeeInvis +   a - +1 dagger
rCold    . . .     Gourm    .   (shield restricted)
rNeg     . . .     Faith    .   b - +0 robe
rPois    .         Spirit   .   (helmet restricted)
rElec    .         Reflect  .   (no cloak)
rCorr    .         Harm     .   (gloves unavailable)
MR       .....                  (boots unavailable)
Stlth    +++.......             (no amulet)
HPRegen  0.03/turn              (no ring)
MPRegen  0.09/turn              (no ring)

@: very quick
A: very small, unfitting armour, see invisible, herbivore, speed 3, slow
metabolism 2
a: no special abilities


You were on level 1 of the Dungeon.
You were not hungry.

You visited 1 branch of the dungeon, and saw 1 of its levels.

You collected 10 gold pieces.

Inventory:

Hand Weapons
 a - a +1 dagger (weapon)
Missiles
 c - 3 stones (quivered)
Armour
 b - a +0 robe (worn)
Scrolls
 e - a scroll of remove curse {unknown}
 f - a scroll of teleportation {unknown}
Comestibles
 d - a ration


   Skills:
 + Level 1.3 Short Blades
 - Level 3.0 Dodging
 + Level 4.6 Stealth
 - Level 2.6 Spellcasting
 - Level 3.6 Hexes


You had 4 spell levels left.
You knew the following spells:

 Your Spells              Type           Power        Failure   Level  Hunger
a - Corona                Hex            ##.....      4%          1    #......

Your spell library contained the following spells:

 Spells                   Type           Power        Failure   Level  Hunger
 Confuse                  Hex            ##......     13%         3    ###....
 Tukima's Dance           Hex            ##......     13%         3    ###....
 Ensorcelled Hibernation  Hex/Ice        #.....       14%         2    ##.....
 Dazzling Spray           Conj/Hex       #.....       28%         3    ###....


Dungeon Overview and Level Annotations

Branches:
Dungeon (1/15)

Altars:


Innate Abilities, Weirdness & Mutations

You are very small and have problems with some larger weapons.
You are too small for most types of armour.
You have supernaturally acute eyesight. (SInv)
You are a herbivore.
You cover ground extremely quickly.
You need to consume almost no food.


Message History

The ooze is heavily wounded.
The ooze closely misses you.
You hit the ooze.
The ooze is heavily wounded.
The ooze hits you.
You are too injured to fight recklessly!
You are too injured to fight recklessly!
You hit the ooze.
The ooze is severely wounded.
The ooze stops glowing.
The ooze closely misses you.
You hit the ooze.
The ooze is severely wounded.
The ooze completely misses you.
You hit the ooze.
The ooze is almost dead.
You hit the ooze but do no damage.
The ooze is almost dead.
The ooze hits you.
Ouch! That really hurt!
You die...

###################
#.......##........#
#........#........#
############........#......†.#
#............@J(....+........'
#.######.######.....#........#
#.#......##.# #####........#
#.###.#.....#########........#
#>............................
#.###.......####.....#########
##'######.##.(.##.....# #...#
#.##.#.##.....#
#...#####.##.#........#


You could see an ooze.

Vanquished Creatures
  A kobold (D:1)
  A frilled lizard (D:1)
  A rat (D:1)
3 creatures vanquished.

Notes
Turn   | Place    | Note
-------+----------+-------------------------------------------
     0 | D:1      | tilp the Spriggan Enchanter began the quest for the Orb.
     0 | D:1      | Reached XP level 1. HP: 9/9 MP: 5/5
   317 | D:1      | Slain by an ooze

Levels and vault maps discovered:
D:1:      minmay_arrival_semitransparent, layout_basic, serial_bayou_pond_a,
          minmay_small_reverse_x

Action                   || total
-------------------------++-------
Melee: Dagger            ||    15
Throw: Stone             ||     1
 Cast: Corona            ||     1
Armor: Robe              ||     1
Dodge: Dodged            ||     9

Table legend:
 A = Non-vault XP
 B = Vault XP
 C = Vault XP percentage of total XP
 D = Non-vault monster count
 E = Vault monster count
 F = Vault count percentage of total count
                 A         B        C        D         E       F
            +---------+---------+-------+---------+---------+-------
      Total |       4 |       0 |   0.0 |       3 |       0 |   0.0
            +---------+---------+-------+---------+---------+-------
        D:1 |       4 |       0 |   0.0 |       3 |       0 |   0.0
            +---------+---------+-------+---------+---------+-------
